 Dungeon Crawl Stone Soup version 0.29.1-2-gbd0b4ee654 (webtiles) character file.

Game seed: 1776005612919961079

25 Anriel the Shooter (level 2, 0/17 HPs)
             Began as a Deep Elf Hunter on Oct 26, 2022.
             Slain by a gnoll
             ... wielding a +0 flail
              (4 damage)
             ... on level 2 of the Dungeon.
             The game lasted 00:05:51 (998 turns).

Anriel the Shooter (Deep Elf Hunter)                 Turns: 998, Time: 00:05:51

Health: 0/17       AC:  3    Str:  8    XL:     2   Next: 86%
Magic:  4/4        EV: 12    Int: 13    God:
Gold:   27         SH:  0    Dex: 18    Spells: 0/1 levels left

rFire   . . .      SeeInvis .   e - +0 dagger
rCold   . . .      Faith    .   (no shield)
rNeg    . . .      Spirit   .   c - +0 leather armour
rPois   .          Reflect  .   (no helmet)
rElec   .          Harm     .   (no cloak)
rCorr   .          Rampage  .   (no gloves)
Will    .....                   (no boots)
Stlth   ++........              (no amulet)
HPRegen 0.05/turn               (no ring)
MPRegen 0.09/turn               (no ring)

@: no status effects
A: no striking features
a: no special abilities


You were on level 2 of the Dungeon.
You visited 1 branch of the dungeon, and saw 2 of its levels.

You collected 27 gold pieces.

Inventory:

Hand Weapons
 a - a +0 shortbow
 e - a +0 dagger (weapon)
Armour
 c - a +0 leather armour (worn)
Scrolls
 b - a scroll of immolation
 d - a scroll of poison {unknown}
 g - a scroll of butterflies {unknown}
Potions
 f - a potion of might {unknown}
 h - a potion of attraction {unknown}


   Skills:
 + Level 1.7 Fighting
 + Level 6.2 Ranged Weapons
 * Level 2.6 Dodging
 + Level 1.3 Stealth


You couldn't memorise any spells.
You knew the following spells:

 Your Spells              Type           Power      Damage    Failure   Level
a - Shock                 Conj/Air       0%         1d3       41%         1

Your spell library contained the following spells:

 Spells                   Type           Power      Damage    Failure   Level
 Swiftness                Air            0%         N/A       80%         3
 Airstrike                Air            0%         2d(0-16)  99%         4


Dungeon Overview and Level Annotations

Branches:
Dungeon (2/15)

Altars:


Message History

Fire: a) +0 shortbow
Press: ? - help, Q - select action, (/) - cycle Shift-Dir - straight line, f - gnoll
Aim: a gnoll, wielding a +0 flail (68% to hit)
You shoot an arrow. The arrow barely misses the gnoll.
The goblin shouts!
Fire: a) +0 shortbow
Press: ? - help, Q - select action, (/) - cycle Shift-Dir - straight line, f/p - gnoll
Aim: a gnoll, wielding a +0 flail (68% to hit)
You shoot an arrow. The arrow hits the gnoll.
The gnoll is moderately wounded.
Fire: a) +0 shortbow
Press: ? - help, Q - select action, (/) - cycle Shift-Dir - straight line, f/p - gnoll
Aim: a gnoll, wielding a +0 flail (moderately wounded, 68% to hit)
You shoot an arrow. The arrow barely misses the gnoll.
You hear a shout!
A gnoll comes into view. It is wielding a +0 flail.
You hear a shout!
Fire: a) +0 shortbow
Press: ? - help, Q - select action, (/) - cycle Shift-Dir - straight line, f/p - gnoll
Aim: a gnoll, wielding a +0 flail (moderately wounded, 68% to hit)
You shoot an arrow. The arrow hits the gnoll!
The gnoll is almost dead.
e - a +0 dagger (weapon)
The gnoll closely misses you.
A gnoll comes into view. It is wielding a +0 halberd.
You hit the gnoll.
You kill the gnoll!
The goblin closely misses you.
The gnoll throws a throwing net.
The throwing net hits you.
You become entangled in the net!
There is an escape hatch in the floor here.
You see here a throwing net.
You tear a large gash into the net.
The goblin hits you with a +0 club.
You struggle against the net.
The goblin hits you with a +0 club.
You rip the net and break free!
The gnoll closely misses you. The goblin hits you with a +0 club.
The gnoll hits you with a +0 flail.
* * * LOW HITPOINT WARNING * * *
The goblin hits you but does no damage. The gnoll closely misses you.
The gnoll hits you with a +0 flail.
You die...

######## #......#
#......# ### #...†..#
..# #......# #.#
#..@g..# #.# #..g...#
#.#
.##....g.####.#######
.........)............
...##......####.#######
.. ######## #.# . #<#
###


You could see 2 gnolls and a goblin.

Vanquished Creatures
  A gnoll (D:2)
  2 endoplasms (D:1)
  2 jackals (D:1)
  2 quokkas (D:1)
  4 ball pythons
  3 frilled lizards
  A goblin (D:1)
  A kobold (D:1)
16 creatures vanquished.

Notes
Turn   | Place    | Note
-------+----------+-------------------------------------------
     0 | D:1      | Anriel the Deep Elf Hunter began the quest for the Orb.
     0 | D:1      | Reached XP level 1. HP: 12/12 MP: 3/3
   337 | D:1      | Reached XP level 2. HP: 4/16 MP: 4/4
   614 | D:1      | Reached skill level 6 in Ranged Weapons
   769 | D:1      | Found a faded altar of an unknown god.
   788 | D:1      | Learned a level 1 spell: Shock
   998 | D:2      | Slain by a gnoll

Illustrated notes

Levels and vault maps discovered:
D:1:      nicolae_arrival_memento_mori, layout_basic,
          shapermc_ecumenical_altar_starsandcircs
D:2:      layout_basic, minmay_misc_feat_rows, nicolae_shop_vocational,
          uniq_crazy_yiuf_cottage

Skill      XL: |  1  2 |
---------------+-------+-----
Ranged Weapons | 6 |  6.2
Fighting       | |  1.7
Dodging        | |  2.6
Stealth        | |  1.3

Action                   || total
-------------------------++-------
Melee: Dagger            ||    19
 Fire: Shortbow          ||    33
Armor: Leather armour    ||     5
Dodge: Dodged            ||    20
